 Dungeon Crawl Stone Soup version 0.30-b1-2-g02819fbbbe (webtiles) character file.

Game seed: 15421404429855952291

146 Alarkh the Insei (level 5, 0/41 HPs)
             Began as a Demonspawn Delver on May 22, 2023.
             Slain by a quokka (4 damage)
             ... summoned by Eustachio
             ... on level 4 of the Dungeon.
             The game lasted 00:05:54 (2859 turns).

Alarkh the Insei (Demonspawn Delver)                Turns: 2859, Time: 00:05:55

Health: 0/41       AC:  9    Str: 16    XL:     5   Next: 7%
Magic:  5/5        EV: 11    Int: 12    God:
Gold:   219        SH:  0    Dex: 14    Spells: 4/4 levels left

rFire   . .          .
                       - Unarmed
rCold   . . .        (no shield)
rNeg    . . .        c - +0 ring mail
rPois   .            d - +0 helmet
rElec   .            (no cloak)
rCorr   .            k - +1 pair of gloves
SInv    .            r - +0 pair of boots
Will    .....        (no amulet)
Stlth   ++           (no ring)
HPRegen 0.26/turn    (no ring)
MPRegen 0.09/turn

%: no passive effects
@: attractive
A: demonic magic 1, demonic touch 1, strong 1, wild magic 1
a: no special abilities


You were on level 4 of the Dungeon.
You visited 1 branch of the dungeon, and saw 5 of its levels.

You collected 219 gold pieces.

Inventory:

Armour
 a - a +0 leather armour
 c - a +0 ring mail (worn)
 d - a +0 helmet (worn)
 k - a +1 pair of gloves (worn)
 r - a +0 pair of boots (worn)
Scrolls
 b - a scroll of fog
 e - 2 scrolls of poison {unknown}
 f - a scroll of teleportation {unknown}
 j - a scroll of noise {unknown}
 l - 2 scrolls of magic mapping
 m - a scroll of vulnerability
 o - a scroll of identify {unknown}
 t - a scroll of blinking {unknown}
Potions
 g - a potion of mutation
 h - 4 potions of attraction
 i - a potion of resistance {unknown}
 n - a potion of brilliance {unknown}
 p - a potion of curing {unknown}
 q - a potion of degeneration {unknown}
 s - a potion of ambrosia {unknown}


   Skills:
 - Level 3.0 Fighting
 - Level 1.7 Dodging
 - Level 4.5 Stealth
 + Level 4.8 Unarmed Combat


You had 4 spell levels left.
You didn't know any spells.
Your spell library contained the following spells:

 Spells                   Type           Power      Damage    Failure   Level
 Sandblast                Erth           0%         2d4       63%         1
 Blink                    Tloc           0%         N/A       75%         2
 Ensorcelled Hibernation  Hex/Ice        0%         N/A       75%         2
 Lesser Beckoning         Tloc           0%         N/A       75%         2
 Momentum Strike          Conj/Tloc      0%         3d8       75%         2
 Passwall                 Tmut/Erth      0%         N/A       75%         2
 Stone Arrow              Conj/Erth      0%         3d7       92%         3
 Swiftness                Air            0%         N/A       92%         3
 Tukima's Dance           Hex            0%         N/A       92%         3
 Passage of Golubria      Tloc           0%         N/A       100%        4
 Yara's Violent Unravell  Hex/Tmut       0%         3d3       100%        5


Dungeon Overview and Level Annotations

Branches:
Dungeon (5/15)             Temple (0/1) D:4

Altars:

Shops:
D:3 :

Annotations:
D:4 Eustachio


Innate Abilities, Weirdness & Mutations

Spells you cast may paralyse adjacent enemies.
Your touch may inflict minor irresistible damage on your foes.
Your muscles are strong. (Str +4, Int/Dex -1)
Your spells are a little harder to cast, but a little more powerful.


Message History

The quokka bites you but does no damage.
You barely miss Eustachio. The rat bites you but does no damage.
The quokka bites you but does no damage.
The iron imp closely misses you. Eustachio hits you with a +0 falchion.
You miss Eustachio. Your touch misses Eustachio.
The white imp hits you but does no damage.
The rat bites you but does no damage. The quokka bites you.
The iron imp hits you. Eustachio hits you with a +0 falchion.
You barely miss Eustachio. The rat bites you but does no damage.
The white imp gestures at you. The puff of frost hits you.
The quokka barely misses you.
Eustachio gestures wildly while chanting.
You closely miss Eustachio. Your touch misses Eustachio.
The quokka disappears in a puff of smoke!
The iron imp hits you but does no damage.
The white imp barely misses you. The rat misses you.
You barely miss Eustachio. Eustachio closely misses you.
The white imp hits you but does no damage.
The rat closely misses you. The iron imp hits you.
The quokka bites you but does no damage.
You hit Eustachio.
Eustachio is lightly wounded.
Eustachio gestures wildly while chanting.
Eustachio blinks!
The white imp gestures at you. The puff of frost hits you!
* * * LOW HITPOINT WARNING * * *
The rat barely misses you. The quokka barely misses you.
It was a potion of attraction.
You feel attractive to monsters.
The iron imp hits you but does no damage.
The rat barely misses you. The white imp closely misses you.
The rat bites you but does no damage. The quokka barely misses you.
Eustachio is attracted toward you.
It was a potion of mutation.
You feel extremely strange.
You feel less in control of your magic.
You feel stronger. The rat closely misses you. The iron imp hits you.
* * * LOW HITPOINT WARNING * * *
The quokka bites you.
You die...

....# ....#
ยง... ### ... #
#.. .. .
#..###.#.#
#..r5@r#.#
#...#@r..#
..##...#5r#.# #
..........#....
.###.......#
##.######
#....# ####.#
##.## #...#


You could see Eustachio, an iron imp (summoned), a white imp (summoned), a
quokka (summoned) and 3 rats.

Vanquished Creatures
  3 gnolls (D:3)
  3 adders (D:2)
  3 worms
  5 dart slugs
  2 orcs
  3 bats
  3 endoplasms
  A giant cockroach (D:2)
  13 goblins
  4 hobgoblins
  6 jackals (D:3)
  7 kobolds
  3 quokkas (D:2)
  2 ball pythons
  3 frilled lizards
  7 rats
68 creatures vanquished.

Notes
Turn   | Place    | Note
-------+----------+-------------------------------------------
     0 | D:5      | Alarkh the Demonspawn Delver began the quest for the Orb.
     0 | D:5      | Reached XP level 1. HP: 18/18 MP: 1/1
    62 | D:5      | Noticed an iguana
   119 | D:5      | Noticed a centaur
   154 | D:5      | Noticed an iguana
   277 | D:4      | Noticed an orc priest
   412 | D:4      | Found a staircase to the Ecumenical Temple.
   412 | D:4      | Noticed an ogre
   533 | D:3      | Gained mutation: Your touch may inflict minor irresistible
                  | damage on your foes. [demonic ancestry]
   533 | D:3      | Reached XP level 2. HP: 20/24 MP: 2/2
   705 | D:2      | Reached XP level 3. HP: 24/29 MP: 3/3
  1536 | D:2      | Reached XP level 4. HP: 26/35 MP: 4/4
  2654 | D:3      | Gained mutation: Spells you cast may paralyse adjacent
                  | enemies. [demonic ancestry]
  2654 | D:3      | Reached XP level 5. HP: 23/41 MP: 5/5
  2771 | D:3      | Found Foux's Book Emporium.
  2846 | D:4      | Noticed Eustachio
  2859 | D:4      | Gained mutation: Your spells are a little harder to cast,
                  | but a little more powerful. [potion of mutation]
  2859 | D:4      | Gained mutation: Your muscles are strong. (Str +4, Int/Dex
                  | -1) [potion of mutation]
  2859 | D:4      | Slain by a quokka

Illustrated notes

Levels and vault maps discovered:
D:1:      minmay_arrival_five_plusses, layout_basic
D:2:      kennysheep_the_goblin_king, layout_basic, serial_rivers,
          chequers_serial_rivers_small_b, chequers_serial_rivers_marsh,
          chequers_serial_rivers_small_a, chequers_serial_rivers_large_a,
          chequers_serial_rivers_small_a, chequers_serial_rivers_marsh
D:3:      layout_rooms, mainiacjoe_overflow_surrounded_room, serial_shops, shop,
          kennysheep_nub
D:4:      layout_loops_cross, lemuel_crystal_altar,
          minmay_temple_entry_overgrown, uniq_eustachio
D:5:      layout_gridville

Skill      XL: |  1  2  3 |
---------------+----------+-----
Unarmed Combat | 2 3 4 |  4.8
Fighting       | |  3.0
Dodging        | |  1.7
Stealth        | |  4.5

Action                     |  1- 3 |  4- 6 || total
---------------------------+-------+-------++-------
  Melee: Unarmed           |   140 |    77 ||   217
         Punch             |     3 |     2 ||     5
         Touch             |    23 |     6 ||    29
  Evoke: Wand              |     1 |     2 ||     3
    Use: Scroll            |     3 |       ||     3
         Potion            |     1 |     2 ||     3
   Stab: Sleeping          |     4 |     2 ||     6
 Armour: Ring mail         |    38 |    55 ||    93
         Leather armour    |     4 |       ||     4
  Dodge: Dodged            |    66 |    57 ||   123
